 Dungeon Crawl Stone Soup version 0.25.0-9-g26727b657a (webtiles) character file.

Game seed: 12667053898075890075

71 Dirian the Covered (level 4, 0/40 HPs)
             Began as a Minotaur Fighter on June 17, 2020.
             Slain by Sigmund
             ... wielding a +0 scythe
              (8 damage)
             ... on level 2 of the Dungeon.
             The game lasted 00:01:33 (1531 turns).

Dirian the Covered (Minotaur Fighter)               Turns: 1531, Time: 00:01:34

Health: 0/40       AC:  7    Str: 20    XL:     4   Next: 5%
Magic:  3/3        EV:  7    Int:  5    God:
Gold:   55         SH:  9    Dex: 11    Spells: 3/3 levels left

rFire    . . .     SeeInvis .   a - +0 war axe
rCold    . . .     Gourm    .   c - +0 kite shield
rNeg     . . .     Faith    .   b - +0 scale mail
rPois    .         Spirit   .   (helmet restricted)
rElec    .         Reflect  .   (no cloak)
rCorr    .         Harm     .   (no gloves)
MR       .....                  (no boots)
Stlth    ..........             (no amulet)
HPRegen  0.13/turn              (no ring)
MPRegen  0.08/turn              (no ring)

@: mighty
A: retaliatory headbutt, horns 2
a: no special abilities


You were on level 2 of the Dungeon.
You were not hungry.

You visited 1 branch of the dungeon, and saw 2 of its levels.

You collected 55 gold pieces.

Inventory:

Hand Weapons
 a - a +0 war axe (weapon)
Armour
 b - a +0 scale mail (worn)
 c - a +0 kite shield (worn)
Jewellery
 h - a cursed amulet of inaccuracy {unknown}
Scrolls
 i - 2 scrolls of identify {unknown}
 m - 4 scrolls of remove curse {unknown}
 n - a scroll of noise {unknown}
Potions
 d - a potion of might
 f - 2 potions of curing {unknown}
 j - 2 potions of degeneration {unknown}
 k - a potion of flight {unknown}
 l - 2 potions of brilliance {unknown}
 o - a potion of invisibility {unknown}
Comestibles
 e - 5 rations
 g - a chunk of flesh


   Skills:
 + Level 4.1 Fighting
 * Level 3.7 Axes
 + Level 4.3 Armour
 + Level 4.1 Shields


You had 3 spell levels left.
You didn't know any spells.
Your spell library was empty.

Dungeon Overview and Level Annotations

Branches:
Dungeon (2/15)

Altars:

Annotations:
D:2 Sigmund


Innate Abilities, Weirdness & Mutations

You reflexively headbutt those who attack you in melee.
You have a pair of horns on your head.


Message History

Sigmund flickers and vanishes!
Deactivating autopickup; reactivate with Ctrl-A.
There is a strange disturbance nearby!
There is a strange disturbance nearby!
There is a strange disturbance nearby!
A puff of flame appears from out of thin air!
The puff of flame hits you!
A leopard gecko comes into view.
The leopard gecko hisses angrily.
Something hits you!
You miss something. Something hits you.
Your scale mail prevents you from hitting something.
Something hits you!
You miss something. You closely miss the leopard gecko.
You block the leopard gecko's attack. Something hits you.
* * * LOW HITPOINT WARNING * * *
You feel very mighty all of a sudden.
You block the leopard gecko's attack. x2
You miss the leopard gecko. You miss something. Something hits you!
You die...

#.#.............#....+ ...
##.#.............#....#.....
...................รท........
....................#)#...##
.#.#..........(..#..#.#...#
##.#....)........##.#.#. .
##.#.............##.#...
##...............##..##.
##..............@.......
##.......#######l.......
...[.....# #........
...####### #.......# ...#
#.......# ...# #.......# ...#
......... ...# ......... ...#


You could see a leopard gecko.

Vanquished Creatures
  2 adders (D:2)
  2 leopard geckos (D:2)
  4 orcs (D:2)
  A ball python (D:1)
  10 bats
  2 giant cockroaches
  4 goblins
  7 hobgoblins
  2 jackals (D:2)
  2 kobolds
  A quokka (D:2)
  2 frilled lizards
  A leopard gecko skeleton (D:2)
  5 rats (D:1)
45 creatures vanquished.

Notes
Turn   | Place    | Note
-------+----------+-------------------------------------------
     0 | D:1      | Dirian the Minotaur Fighter began the quest for the Orb.
     0 | D:1      | Reached XP level 1. HP: 19/19 MP: 0/0
   191 | D:1      | Reached XP level 2. HP: 27/27 MP: 1/1
   278 | D:1      | You fall into a shaft and drop 1 floor!
   586 | D:1      | Reached XP level 3. HP: 33/33 MP: 2/2
  1343 | D:2      | Reached XP level 4. HP: 40/40 MP: 3/3
  1523 | D:2      | Noticed Sigmund
  1531 | D:2      | Slain by Sigmund

Illustrated notes

Levels and vault maps discovered:
D:1:      minmay_arrival_pointy, layout_loops_ring, kennysheep_nondescript
D:2:      layout_basic, uniq_crazy_yiuf_cottage, uniq_sigmund

Skill      XL: |  1  2 |
---------------+-------+-----
Armour         | 4 |  4.3
Shields        | 4 |  4.1
Fighting       | 4 |  4.1
Axes           | 3 |  3.7

Action                   |  1- 3 |  4- 6 || total
-------------------------+-------+-------++-------
Melee: War axe           |    99 |     6 ||   105
       Headbutt          |    14 |       ||    14
  Use: Potion            |       |     1 ||     1
  Eat: Chunk             |     2 |       ||     2
Armor: Scale mail        |    59 |       ||    59
Dodge: Dodged            |    32 |     2 ||    34
Block: Kite shield       |    44 |     3 ||    47
